 Dungeon Crawl Stone Soup version 0.21.1-1-g345015f (webtiles) character file.

294 lysyklops the Firebug (level 6, -13/32 HPs)
             Began as a Gargoyle Fire Elementalist on July 24, 2018.
             Mangled by an orc warrior
             ... wielding a +0 long sword
              (15 damage)
             ... on level 3 of the Dungeon.
             The game lasted 00:10:27 (3491 turns).

lysyklops the Firebug (Gargoyle Fire Elementalist)  Turns: 3491, Time: 00:10:28

Health: -13/32     AC:  7    Str: 12    XL:     6   Next: 34%
Magic:  1/11       EV: 12    Int: 17    God:
Gold:   147        SH:  0    Dex: 10    Spells: 11/12 levels left

rFire    . . .     SeeInvis .   d - +0 hunting sling
rCold    . . .     Gourm    .   (no shield)
rNeg     + . .     Faith    .   a - +0 robe
rPois    ∞         Spirit   .   (no helmet)
rElec    +         Reflect  .   (no cloak)
rCorr    .         Harm     .   (no gloves)
MR       .....                  p - +0 pair of boots
Stlth    ++........             (no amulet)
HPRegen  0.10/turn              (no ring)
MPRegen  0.12/turn              (no ring)

@: no status effects
A: negative energy resistance 1, electricity resistance, unbreathing,
petrification resistance, rot immunity, AC +4
a: no special abilities


You were on level 3 of the Dungeon.
You were not hungry.

You visited 1 branch of the dungeon, and saw 6 of its levels.

You collected 147 gold pieces.

Inventory:

Hand Weapons
 d - a +0 hunting sling (weapon)
 u - a +0 flail
Missiles
 h - 24 sling bullets (quivered)
 l - 75 stones
Armour
 a - a +0 robe (worn)
 p - a +0 pair of boots (worn)
 w - a +0 leather armour
Jewellery
 q - a cursed ring of loudness {unknown}
Wands
 n - a wand of disintegration (14)
 s - a wand of iceblast (5)
Scrolls
 f - 6 scrolls of identify {unknown}
 g - 2 scrolls of teleportation {unknown}
 j - 2 scrolls of blinking {unknown}
 o - 5 scrolls of enchant weapon {unknown}
 t - a scroll of fear {unknown}
 v - a scroll of random uselessness {unknown}
Potions
 e - 2 potions of lignification {unknown}
 i - 2 potions of mutation {unknown}
 k - a potion of cancellation {unknown}
 m - 2 potions of agility {unknown}
 r - a potion of haste {unknown}
Books
 b - a book of Flames

   Spells                             Type                      Level
   a - Flame Tongue                   Conjuration/Fire             1
   b - Throw Flame                    Conjuration/Fire             2
   c - Conjure Flame                  Conjuration/Fire             3
   d - Inner Flame                    Hexes/Fire                   3
   e - Sticky Flame                   Conjuration/Fire             4
   f - Fireball                       Conjuration/Fire             5
Comestibles
 c - 10 rations


   Skills:
 - Level 1.6 Dodging
 - Level 2.2 Stealth
 + Level 3.7 Spellcasting
 + Level 3.8 Conjurations
 + Level 4.6 Fire Magic


You had 11 spell levels left.
You knew the following spells:

 Your Spells              Type           Power        Failure   Level  Hunger
a - Flame Tongue          Conj/Fire      ###..        2%          1    None


Dungeon Overview and Level Annotations

Branches:
Dungeon (6/15)
 Temple: D:4-7

Altars:


Innate Abilities, Weirdness & Mutations

You are resistant to torment.
Your stone body is resilient. (AC +4)
You are immune to poison.
You resist negative energy. (rN+)
You are resistant to electric shocks. (rElec)
You can survive without breathing.
You are immune to petrification.
You are immune to rotting.


Message History

Aim: an orc warrior, wielding a long sword and wearing a plate armour (heavily wounded)
The flame tongue hits the orc warrior.
The orc warrior appears unharmed.
The orc warrior is heavily wounded.
The orc warrior hits you but does no damage.
Casting: Flame Tongue
Confirm with . or Enter, or press ? or * to list all spells.
Aiming: Flame Tongue
Press: ? - help, Shift-Dir - straight line, f/p - orc warrior
Aim: an orc warrior, wielding a long sword and wearing a plate armour (heavily wounded)
The flame tongue hits the orc warrior.
The orc warrior is severely wounded.
The orc warrior closely misses you.
Casting: Flame Tongue
Confirm with . or Enter, or press ? or * to list all spells.
Aiming: Flame Tongue
Press: ? - help, Shift-Dir - straight line, f/p - orc warrior
Aim: an orc warrior, wielding a long sword and wearing a plate armour (severely wounded)
The flame tongue misses the orc warrior.
The orc warrior hits you with a long sword!
You die...

#..# #.##.#.# #.# #.# #..#
##.##.#.# #.# #.#
#..###....>..# #.# #.#
#..##..#.....# #.########..
#.....###....# #...>...###.
#.###..#.....#########.# #.
#.# ##...........# #.# #.
#.#####.##.#.###.# #.# #.
#.........@..# #.#####.###.
#####......o.###...........
#.#.##.#.....#########.
#.#.##.##.##...........
#.#.##.##.##.##########
#.#..........##########
#.####................. #.#
####.############.
#.#######.# #.


You could see an orc warrior.

Vanquished Creatures
  A howler monkey (D:4)
  A hound (D:5)
  Ijyb (D:3)
  An iguana (D:5)
  A worker ant (D:4)
  A hound zombie (D:5)
  5 adders
  A howler monkey skeleton (D:4)
  A worm (D:2)
  5 dart slugs
  5 leopard geckos
  2 orcs (D:4)
  3 giant cockroaches
  5 goblins
  7 hobgoblins
  4 jackals (D:1)
  5 kobolds
  8 bats
  5 frilled lizards
  12 rats
74 creatures vanquished.

Notes
Turn   | Place    | Note
-------+----------+-------------------------------------------
     0 | D:1      | lysyklops the Gargoyle Fire Elementalist began the quest for the Orb.
     0 | D:1      | Reached XP level 1. HP: 10/10 MP: 3/3
   592 | D:1      | Reached XP level 2. HP: 15/15 MP: 0/5
   960 | D:1      | Reached XP level 3. HP: 18/19 MP: 0/6
  1778 | D:2      | Reached XP level 4. HP: 24/24 MP: 5/8
  2896 | D:3      | Noticed Ijyb
  2904 | D:3      | Killed Ijyb
  2904 | D:3      | Reached skill level 4 in Fire Magic
  2904 | D:3      | Reached XP level 5. HP: 28/28 MP: 3/9
  3052 | D:3      | You fall through a shaft for 3 floors!
  3063 | D:5      | Entered Level 5 of the Dungeon
  3215 | D:5      | Noticed a centaur
  3303 | D:4      | Reached XP level 6. HP: 32/32 MP: 6/11
  3388 | D:4      | Noticed an orc warrior
  3488 | D:3      | HP: 1/32 [orc warrior/long sword (13)]
  3491 | D:3      | Mangled by an orc warrior

Skill      XL: |  1  2  3  4 |
---------------+-------------+-----
Conjurations   | 2 3 |  3.8
Spellcasting   | 3 |  3.7
Fire Magic     | 4 |  4.6
Dodging        | |  1.6
Stealth        | |  2.2

Action                   |  1- 3 |  4- 6 || total
-------------------------+-------+-------++-------
Melee: Hunting sling     |     3 |       ||     3
 Fire: Hunting sling     |    43 |    80 ||   123
 Cast: Flame Tongue      |    43 |    64 ||   107
  Eat: Chunk             |     3 |     5 ||     8
Armor: Robe              |    16 |    13 ||    29
Dodge: Dodged            |    21 |    24 ||    45
